 Dungeon Crawl Stone Soup version 0.31-a0-233-g139696dc86 (webtiles) character file.

Game seed: 10793464027411390016

1303 qw the Skirmisher (level 8, -7/71 HPs)
             Began as a Minotaur Hexslinger on July 8, 2023.
             Mangled by Pikel
             ... wielding a +0 whip of electrocution
              (11 damage)
             ... on level 6 of the Dungeon.
             The game lasted 00:01:55 (4506 turns).

qw the Skirmisher (Minotaur Hexslinger)             Turns: 4506, Time: 00:01:56

Health: -7/71      AC:  9    Str:  8    XL:     8   Next: 31%
Magic:  8/8        EV: 13    Int: 10    God:
Gold:   244        SH:  4    Dex: 15    Spells: 8/9 levels left

rFire   + . .        Y - +2 sling
rCold   + . .        (no shield)
rNeg    + + .        i - +2 robe {rC+ rF+}
rPois   +            (helmet restricted)
rElec   .            (no cloak)
rCorr   +            k - +0 pair of gloves
SInv    +            n - +0 pair of boots of Going Fast {rN++ rCorr Str-3 SInv}
Will    .....        d - amulet of the acrobat
Stlth   +            b - +4 ring of protection
HPRegen 0.31/turn    j - ring of poison resistance
MPRegen 0.11/turn

%: acrobat
@: about to teleport
A: horns 2, retaliatory headbutt, large bone plates 1, deformed body, weak 1
a: no special abilities


You were on level 6 of the Dungeon.
You visited 1 branch of the dungeon, and saw 6 of its levels.

You collected 244 gold pieces.


Innate Abilities, Weirdness & Mutations

You have a pair of horns on your head.
You reflexively headbutt those who attack you in melee.
You are partially covered in large bone plates. (SH +4)
Armour fits poorly on your strangely shaped body.
You are weak. (Str -2)


   Skills:
 - Level 6.3 Fighting
 + Level 9.2 Ranged Weapons
 - Level 1.1 Armour
 - Level 3.3 Dodging
 - Level 1.0 Spellcasting
 - Level 2.0 Hexes


You had 8 spell levels left.
You knew the following spells:

 Your Spells              Type           Power      Damage    Failure   Level
a - Slow                  Hex            16%        N/A       16%         1

Your spell library contained the following spells:

 Spells                   Type           Power      Damage    Failure   Level
 Inner Flame              Hex/Fire       2%         N/A       56%         3
 Portal Projectile        Hex/Tloc       4%         N/A       56%         3
 Cause Fear               Hex            2%         N/A       83%         4

Inventory:

Hand Weapons
 Y - a +2 sling (weapon)
Armour
 i - a +2 robe of resistance (worn)
 k - a +0 pair of gloves (worn)
 n - the +0 pair of boots of Going Fast (worn) {rN++ rCorr Str-3 SInv}
   (You acquired it on level 4 of the Dungeon)

   Str:       It affects your strength (-3).
   rN:        It greatly protects you from negative energy.
   SInv:      It lets you see invisible.
   rCorr:     It protects you from acid and corrosion.
Jewellery
 b - a +4 ring of protection (left hand)
 d - an amulet of the acrobat (around neck)
 e - a ring of fire
 j - a ring of poison resistance (right hand)
Scrolls
 c - 2 scrolls of identify
Potions
 a - a potion of lignification {unknown}
 f - a potion of heal wounds {unknown}
 g - a potion of mutation
 h - a potion of magic {unknown}
 l - a potion of curing
 o - a potion of might {unknown}

Dungeon Overview and Level Annotations

Branches:
Dungeon (6/15)
 Temple: D:4-7

Altars:
Hepliaklqana

Shops:
D:1 !=?   D:6 =

Annotations:
D:2 1 runed translucent door, Crazy Yiuf
D:6 Pikel


Message History

Pikel is lightly wounded.
Pikel hits you but does no damage. You block the lemure's attack.
The lemure hits you. The lemure barely misses you.
You shoot a sling bullet. The sling bullet closely misses Pikel.
Pikel hits you with a +0 whip of electrocution!
You are electrocuted!
The lemure closely misses you. You block the lemure's attack.
The lemure hits you.
You shoot a sling bullet. The sling bullet hits Pikel.
Pikel is lightly wounded.
Pikel hits you but does no damage. The lemure hits you but does no damage.
You block the lemure's attack. The lemure misses you.
You shoot a sling bullet. The sling bullet hits Pikel.
Pikel is lightly wounded.
Pikel closely misses you. The lemure hits you.
The lemure hits you but does no damage. The lemure hits you.
You shoot a sling bullet. The sling bullet closely misses Pikel.
Pikel hits you with a +0 whip of electrocution.
The lemure hits you. The lemure barely misses you.
The lemure closely misses you. You furiously retaliate!
You headbutt the lemure. You shoot a sling bullet.
The sling bullet barely misses Pikel.
You shoot a sling bullet. The sling bullet hits Pikel!
Pikel is heavily wounded.
You block Pikel's attack. The lemure hits you. The lemure closely misses you.
The lemure hits you but does no damage.
You shoot a sling bullet.
The sling bullet hits Pikel but does no damage.
Pikel is heavily wounded.
Pikel hits you with a +0 whip of electrocution!
The lemure hits you. You block the lemure's attack. x2
4505 ||| READING scroll of teleportation.
As you read the scroll of teleportation, it crumbles to dust.
You feel strangely unstable.
Pikel says, "You'll make a fine lemure."
Pikel hits you with a +0 whip of electrocution.
The lemure closely misses you. The lemure misses you. The lemure hits you.
You shoot a sling bullet. The sling bullet hits Pikel.
Pikel is heavily wounded.
Pikel hits you with a +0 whip of electrocution!
You are electrocuted!
You die...

........###........
...
.........#.........
...
.....##)...........
...
...................
..#
....#.##...........
..
....#.##..........#
#.................#
..>###............
.. #@5...####....
..../55K5...# ...
......?........
..#...#.........
#....#.........
#..............
#... #.........
##.. #........


You could see Pikel and 4 lemures.

Vanquished Creatures
  Sigmund (D:2)
  A steam dragon (D:6)
  Menkaure (D:5)
  An ice beast (D:6)
  2 ogres (D:5)
  A phantom (D:5)
  2 scorpions (D:6)
  A hound (D:4)
  2 orc priests
  A gnoll bouda (D:4)
  2 sleepcaps
  2 orc wizards (D:3)
  3 gnolls (D:4)
  11 adders
  A white imp (D:4)
  4 dart slugs
  13 orcs
  9 bats
  5 endoplasms
  2 giant cockroaches
  6 hobgoblins
  7 kobolds
  6 quokkas
  8 ball pythons
  5 frilled lizards
  10 goblins
  5 rats
112 creatures vanquished.

Notes
Turn   | Place    | Note
-------+----------+-------------------------------------------
     0 | D:1      | qw the Minotaur Hexslinger began the quest for the Orb.
     0 | D:1      | Reached XP level 1. HP: 16/16 MP: 1/1
     0 | D:1      | 0 ||| qw: Version: 0.3-a-46-gb1f654a
     0 | D:1      | 0 ||| qw: Game counter: 3753
     0 | D:1      | 0 ||| qw: Melee chars always use a shield: true
     0 | D:1      | 0 ||| qw: God list: Okawaru
     0 | D:1      | 0 ||| qw: Allow faded altars: false
     0 | D:1      | 0 ||| qw: Do Orc after clearing Dungeon:15 true
     0 | D:1      | 0 ||| qw: Do second Lair branch before Depths: true
     0 | D:1      | 0 ||| qw: Lair rune preference: random
     0 | D:1      | 0 ||| qw: Goals: Normal
     0 | D:1      | 0 ||| PLANNING D:1-11
    31 | D:1      | You fall into a shaft and drop 1 floor!
    70 | D:2      | Reached skill level 3 in Ranged Weapons
    70 | D:2      | Reached XP level 2. HP: 23/23 MP: 2/2
   142 | D:2      | Noticed Sigmund
   146 | D:2      | Reached XP level 3. HP: 29/30 MP: 3/3
   168 | D:2      | Killed Sigmund
   169 | D:2      | Reached skill level 5 in Ranged Weapons
   169 | D:2      | Reached XP level 4. HP: 18/37 MP: 4/4
   169 | D:2      | Reached XP level 5. HP: 20/42 MP: 5/5
   299 | D:2      | 299 ||| UPGRADING to +2 robe of resistance.
   309 | D:2      | 309 ||| DROPPING +0 robe.
   310 | D:2      | 310 ||| UPGRADING to +0 pair of gloves.
   316 | D:2      | 316 ||| UPGRADING to amulet of the acrobat.
   321 | D:2      | 321 ||| READING scroll labelled QERRAH SAILAI.
   422 | D:2      | 422 ||| READING scroll labelled MECKEPNISH.
   423 | D:2      | 423 ||| DROPPING scroll of poison.
   432 | D:1      | Found Ulirofim's Magic Scroll Boutique.
   454 | D:1      | 454 ||| SHOPLISTING scroll of acquirement (520 gold, have
                  | 12).
   521 | D:1      | Reached skill level 3 in Fighting
   591 | D:1      | Found Xuttonko's Jewellery Emporium.
   598 | D:1      | 598 ||| SHOPLISTING +4 ring of protection (432 gold, have
                  | 26).
   598 | D:1      | 598 ||| SHOPLISTING +5 ring of evasion (432 gold, have 26).
   598 | D:1      | 598 ||| SHOPLISTING amulet of regeneration (360 gold, have
                  | 26).
   598 | D:1      | 598 ||| SHOPLISTING ring of protection from cold (300 gold,
                  | have 26).
   598 | D:1      | 598 ||| SHOPLISTING ring of see invisible (180 gold, have
                  | 26).
   614 | D:1      | Reached skill level 6 in Ranged Weapons
   648 | D:1      | Found Ironih's Distillery.
   652 | D:1      | 652 ||| SHOPLISTING potion of curing (33 gold, have 26).
   652 | D:1      | 652 ||| SHOPLISTING potion of heal wounds (55 gold, have
                  | 26).
   956 | D:1      | 956 ||| UPGRADING to +4 ring of protection.
   957 | D:1      | 957 ||| READING scroll labelled VOCYVVEWIA.
  1110 | D:2      | Found a runed translucent door.
  1111 | D:2      | Noticed Crazy Yiuf
  1481 | D:2      | 1481 ||| READING scroll labelled IDUSSU MYGE.
  1660 | D:3      | Identified the +2 flail of Embarrassment {speed, Int+3}
  1673 | D:3      | Reached XP level 6. HP: 52/52 MP: 6/6
  1785 | D:3      | Found a hazy altar of Hepliaklqana.
  1787 | D:3      | 1787 ||| Stepping ~*~*~tactically~*~*~ (outnumbered).
  1789 | D:3      | 1789 ||| Stepping ~*~*~tactically~*~*~ (outnumbered).
  1808 | D:3      | 1808 ||| FLEEEEING.
  1813 | D:3      | 1813 ||| FLEEEEING.
  1814 | D:3      | 1814 ||| FLEEEEING.
  1849 | D:3      | 1849 ||| FLEEEEING.
  1960 | D:3      | 1960 ||| READING scroll labelled YFEGHE NEUPRIK.
  2343 | D:3      | 2343 ||| UPGRADING to ring of poison resistance.
  2344 | D:3      | 2344 ||| READING scroll labelled REKHUI LOFE.
  2524 | D:4      | 2524 ||| FLEEEEING.
  2525 | D:4      | 2525 ||| FLEEEEING.
  2526 | D:4      | 2526 ||| FLEEEEING.
  2527 | D:4      | 2527 ||| FLEEEEING.
  2528 | D:4      | 2528 ||| FLEEEEING.
  2529 | D:4      | 2529 ||| FLEEEEING.
  2530 | D:4      | 2530 ||| FLEEEEING.
  2531 | D:4      | 2531 ||| FLEEEEING.
  2544 | D:4      | Reached skill level 7 in Ranged Weapons
  2560 | D:4      | HP: 13/52 [white imp (2)]
  2561 | D:4      | 2561 ||| READING 2 scrolls of teleportation.
  3017 | D:4      | Reached XP level 7. HP: 59/59 MP: 7/7
  3450 | D:4      | 3450 ||| READING scroll labelled XEOCIV QANIDEE.
  3451 | D:4      | 3451 ||| READING scroll labelled DUESUQIULO.
  3451 | D:4      | Identified a scroll of acquirement
  3451 | D:4      | 3451 ||| ACQUIRING +0 pair of boots of Going Fast {rN++
                  | rCorr Str-3 SInv}
  3451 | D:4      | Acquired the +0 pair of boots of Going Fast {rN++ rCorr
                  | Str-3 SInv}
  3453 | D:4      | 3453 ||| UPGRADING to +0 pair of boots of Going Fast {rN++
                  | rCorr Str-3 SInv}.
  3458 | D:4      | 3458 ||| DRINKING 2 smoky purple potions.
  3488 | D:5      | Entered Level 5 of the Dungeon
  3516 | D:5      | Reached skill level 1 in Armour
  3532 | D:5      | Reached skill level 8 in Ranged Weapons
  3545 | D:5      | Reached skill level 3 in Dodging
  3629 | D:5      | Identified the +5 quarterstaff of the Coward {distort,
                  | Fragile rElec rCorr Int+6}
  3848 | D:5      | Noticed Menkaure
  3857 | D:5      | Killed Menkaure
  4261 | D:5      | 4261 ||| DRINKING 2 smoky clear potions.
  4261 | D:5      | Gained mutation: You are weak. (Str -2) [potion of
                  | mutation]
  4261 | D:5      | Gained mutation: You are partially covered in large bone
                  | plates. (SH +4) [potion of mutation]
  4261 | D:5      | Gained mutation: Armour fits poorly on your strangely
                  | shaped body. [potion of mutation]
  4278 | D:6      | Found Bam Gyl's Jewellery Shoppe.
  4287 | D:6      | 4287 ||| SHOPLISTING +6 ring of dexterity (504 gold, have
                  | 244).
  4287 | D:6      | 4287 ||| SHOPLISTING ring of fire (350 gold, have 244).
  4287 | D:6      | 4287 ||| SHOPLISTING ring of positive energy (280 gold,
                  | have 244).
  4367 | D:6      | Noticed a steam dragon
  4380 | D:6      | Killed a steam dragon
  4381 | D:6      | Reached XP level 8. HP: 65/68 MP: 8/8
  4386 | D:6      | Reached skill level 9 in Ranged Weapons
  4440 | D:6      | Reached skill level 6 in Fighting
  4484 | D:6      | Noticed Pikel
  4504 | D:6      | HP: 17/71 [lemure[Pikel] (6)]
  4505 | D:6      | 4505 ||| READING scroll of teleportation.
  4506 | D:6      | HP: 4/71 [Pikel/+0 whip of electrocution (7)]
  4506 | D:6      | Mangled by Pikel

Levels and vault maps discovered:
D:1:      zelgadis_glass_arrival_small, layout_loops_ring, serial_shops, shop,
          nicolae_shop_crystal, shop
D:2:      layout_basic, wad_woods_river_04, uniq_sigmund,
          uniq_crazy_yiuf_cottage
D:3:      layout_loops_ring, amcnicky_altar_gilded
D:4:      layout_layer_cave
D:5:      layout_basic, serial_corexii_hall, corexii_hall_statues_u,
          corexii_hall_statues_s, hangedman_abyss_or_decor_stagger,
          uniq_menkaure
D:6:      layout_cave_pools, trog_book, serial_shops, shop, serial_bayou_pond_e,
          uniq_pikel

Skill      XL: |  1  2  3  4  5  6  7  8 |
---------------+-------------------------+-----
Ranged Weapons | 3 5 6 7 8 9 |  9.2
Fighting       | 2 3 4 5 6 |  6.3
Armour         | 1 |  1.1
Dodging        | 3 |  3.3
Spellcasting   | |  1.0
Hexes          | |  2.0

Action                     |  1- 3 |  4- 6 |  7- 9 || total
---------------------------+-------+-------+-------++-------
   Fire: Sling             |    48 |   272 |   134 ||   454
    Use: Scroll            |       |     7 |     3 ||    10
         Potion            |       |       |     2 ||     2
 Armour: Robe              |     1 |    79 |    24 ||   104
  Dodge: Dodged            |    18 |    73 |    45 ||   136
  Block: Other             |       |       |    10 ||    10

Table legend:
 A = Non-vault XP
 B = Vault XP
 C = Vault XP percentage of total XP
 D = Non-vault monster count
 E = Vault monster count
 F = Vault count percentage of total count
                 A         B        C        D         E       F
            +---------+---------+-------+---------+---------+-------
      Total |    1477 |     385 |  20.7 |     110 |       2 |   1.8
            +---------+---------+-------+---------+---------+-------
        D:1 |      47 |       0 |   0.0 |      24 |       0 |   0.0
        D:2 |      75 |     210 |  73.7 |      25 |       1 |   3.8
        D:3 |     192 |       0 |   0.0 |      26 |       0 |   0.0
        D:4 |     222 |       0 |   0.0 |      18 |       0 |   0.0
        D:5 |     416 |     175 |  29.6 |      10 |       1 |   9.1
        D:6 |     525 |       0 |   0.0 |       7 |       0 |   0.0
            +---------+---------+-------+---------+---------+-------
